 Dungeon Crawl Stone Soup version 0.20.0-10-g0535bb4 (webtiles) character file.

3136 Kriby the Basher (level 9, 0/85 HPs)
             Began as a Hill Orc Fighter on June 3, 2017.
             Succumbed to a killer bee's poison
             ... on level 8 of the Dungeon.
             The game lasted 00:08:46 (10969 turns).

Kriby the Basher (Hill Orc Fighter)                Turns: 10969, Time: 00:08:47

Health: 0/85       AC: 13    Str: 18    XL:     9   Next: 92%
Magic:  9/9        EV:  5    Int:  8    God:
Gold:   374        SH:  0    Dex: 10    Spells: 8/8 levels left

rFire    . . .     SeeInvis .   t - -1 battleaxe (freeze) (curse)
rCold    . . .     Gourm    .   (shield currently unavailable)
rNeg     . . .     Faith    .   D - +0 plate armour
rPois    .         Spirit   .   (helmet restricted)
rElec    .         Reflect  .   e - +1 cloak
rCorr    .         Harm     .   (no gloves)
MR       .....                  (no boots)
Stlth    ..........             (no amulet)
Regen    0.3/turn               A - -2 ring of strength (curse)
MPRegen  0.2/turn               (no ring)

@: lethally poisoned (0 -> -16)
A: beak, talons 1, weak 1
a: no special abilities


You were on level 8 of the Dungeon.
You were not hungry.

You visited 1 branch of the dungeon, and saw 8 of its levels.

You collected 374 gold pieces.

Inventory:

Hand Weapons
 a - a +0 flail
 k - a +1 whip of venom
 t - a cursed -1 battleaxe of freezing (weapon)
Armour
 c - a +0 shield
 d - a +0 helmet
 e - a +1 cloak (worn)
 D - a +0 plate armour (worn)
Jewellery
 g - an uncursed ring of wizardry
 A - a cursed -2 ring of strength (left hand)
 C - a +4 ring of protection {unknown}
 E - a +3 ring of intelligence {unknown}
Wands
 h - a wand of polymorph (13/24)
 i - a wand of acid (6/15)
 p - a wand of scattershot (3/9)
 F - a wand of digging (2/24)
 G - a wand of flame (10/48)
Scrolls
 b - 2 scrolls of teleportation
 j - 2 scrolls of amnesia
 n - a scroll of fear
 u - 2 scrolls of remove curse
 y - 3 scrolls of identify
 z - a scroll of fog {unknown}
Potions
 l - 6 potions of curing
 o - 3 potions of magic
 s - a potion of brilliance
 x - a potion of might
 B - a potion of flight
Books
 v - a book of Cantrips

   Spells                             Type                      Level
   a - Confusing Touch                Hexes                        1
   b - Animate Skeleton               Necromancy                   1
   c - Summon Small Mammal            Summoning                    1
   d - Apportation                    Translocation                1
 w - a book of Conjurations

   Spells                             Type                      Level
   a - Magic Dart                     Conjuration                  1
   b - Searing Ray                    Conjuration                  2
   c - Dazzling Spray                 Conjuration/Hexes            3
   d - Fulminant Prism                Conjuration/Hexes            4
   e - Force Lance                    Conjuration/Translocation    4
   f - Iskenderun's Mystic Blast      Conjuration                  4
Comestibles
 f - 4 bread rations
 m - 3 royal jellies
 q - 4 fruits
 r - 6 meat rations
 H - 8 chunks of flesh


   Skills:
 + Level 10.1 Fighting
 * Level 12.0 Maces & Flails
 - Level 3.2 Armour
 - Level 3.2 Shields


You had 8 spell levels left.
You didn't know any spells.

Dungeon Overview and Level Annotations

Branches:
Dungeon (8/15)             Temple (0/1) D:5
   Lair: D:8-11

Altars:

Annotations:
D:3 exclusion: downstairs


Innate Abilities, Weirdness & Mutations

You have a beak for a mouth.
You have sharp toenails.
You are weak. (Str -2)


Message History

You miss the killer bee.
* * * LOW HITPOINT WARNING * * *
You feel sick.
The killer bee stings you but does no damage.
The killer bee barely misses you.
The killer bee stings you but does no damage. x3
You slice the killer bee!! You freeze the killer bee.
You kill the killer bee!
Your Maces & Flails skill increases to level 12!
Your plate armour prevents you from hitting the killer bee.
* * * LOW HITPOINT WARNING * * *
You feel sick. The killer bee stings you.
* * * LOW HITPOINT WARNING * * *
You are more poisoned.
The killer bee poisons you! The killer bee closely misses you.
The killer bee stings you.
* * * LOW HITPOINT WARNING * * *
You miss the killer bee. Your kick misses the killer bee.
Your peck misses the killer bee. You miss the killer bee.
You die...

###........######..#
########.(.....(.#
#######...# #..>#
#.### #.# #.# #y#
#@# #y# #†....#
###...# ##.# #


You could see 2 killer bees.

Vanquished Creatures
  Joseph (D:7)
  Grinder (D:3)
  Menkaure (D:4)
  2 orc warriors
  A sky beast (D:5)
  A black bear (D:4)
  An ice beast (D:7)
  2 phantoms
  2 centaurs
  An ogre (D:4)
  A bullfrog (D:7)
  A wyvern skeleton (D:7)
  3 scorpions
  A water moccasin skeleton (D:5)
  3 killer bees (D:8)
  2 crimson imps
  2 bullfrog zombies
  3 hounds (D:4)
  Crazy Yiuf (D:4)
  5 orc priests
  6 orc wizards
  A bullfrog skeleton (D:7)
  Natasha (thrice) (D:2)
  An iguana (D:4)
  6 worker ants
  A hound skeleton (D:4)
  Robin (D:2)
  9 gnolls
  3 adders
  2 shadow imps
  2 oozes (D:1)
  An adder zombie (D:8)
  An adder skeleton (D:4)
  A worm (D:6)
  4 dart slugs
  6 leopard geckos
  32 orcs
  2 ball pythons (D:3)
  3 bats
  8 giant cockroaches
  15 goblins
  4 hobgoblins
  2 jackals (D:4)
  6 quokkas
  4 frilled lizards
  6 kobolds
  10 rats
175 creatures vanquished.

Notes
Turn   | Place    | Note
-------+----------+-------------------------------------------
     0 | D:1      | Kriby the Hill Orc Fighter began the quest for the Orb.
     0 | D:1      | Reached XP level 1. HP: 19/19 MP: 1/1
   220 | D:1      | Reached XP level 2. HP: 26/27 MP: 2/2
   364 | D:1      | Reached skill level 3 in Maces & Flails
   394 | D:1      | Reached XP level 3. HP: 33/33 MP: 3/3
  1397 | D:2      | Reached skill level 4 in Maces & Flails
  1512 | D:2      | Reached XP level 4. HP: 40/40 MP: 4/4
  1537 | D:2      | Noticed Robin
  1580 | D:2      | HP: 2/41 [goblin[Robin] (3)]
  1584 | D:2      | Killed Robin
  2080 | D:2      | Noticed Natasha
  2082 | D:2      | Killed Natasha
  2134 | D:2      | Reached XP level 5. HP: 40/47 MP: 5/5
  2204 | D:2      | Noticed Natasha
  2220 | D:2      | Killed Natasha
  2590 | D:2      | Noticed Natasha
  2598 | D:2      | Killed Natasha
  2598 | D:2      | Reached skill level 5 in Fighting
  2598 | D:2      | Reached skill level 5 in Maces & Flails
  4028 | D:3      | Noticed Grinder
  4032 | D:3      | Paralysed by Grinder for 3 turns
  4045 | D:3      | Paralysed by Grinder for 5 turns
  4058 | D:3      | Paralysed by Grinder for 3 turns
  4066 | D:3      | Killed Grinder
  4066 | D:3      | Reached skill level 6 in Maces & Flails
  4066 | D:3      | Reached XP level 6. HP: 38/57 MP: 6/6
  4526 | D:4      | Noticed a phantom
  4532 | D:4      | Reached XP level 7. HP: 35/63 MP: 7/7
  4758 | D:4      | Reached skill level 7 in Maces & Flails
  5363 | D:4      | Found a runed door.
  5431 | D:4      | Gained mutation: You are weak. (Str -2) [potion of mutation]
  5431 | D:4      | Gained mutation: You have sharp toenails. [potion of mutation]
  5431 | D:4      | Gained mutation: You have a beak for a mouth. [potion of mutation]
  5736 | D:4      | Noticed Menkaure
  5747 | D:4      | Killed Menkaure
  5747 | D:4      | Reached skill level 8 in Maces & Flails
  5747 | D:4      | Reached XP level 8. HP: 24/73 MP: 8/8
  6761 | D:4      | Noticed Crazy Yiuf
  6768 | D:4      | Killed Crazy Yiuf
  6768 | D:4      | Reached skill level 9 in Maces & Flails
  6914 | D:5      | Entered Level 5 of the Dungeon
  7412 | D:5      | Found a staircase to the Ecumenical Temple.
  8035 | D:6      | Reached skill level 10 in Maces & Flails
  8035 | D:6      | Reached XP level 9. HP: 43/82 MP: 9/9
  8304 | D:6      | Found a sand-covered staircase.
  9632 | D:7      | Noticed Joseph
  9642 | D:7      | Killed Joseph
  9642 | D:7      | Reached skill level 11 in Maces & Flails
 10840 | D:8      | Reached skill level 10 in Fighting
 10968 | D:8      | Reached skill level 12 in Maces & Flails
 10968 | D:8      | HP: 2/85 [killer bee (3)]
 10969 | D:8      | Succumbed to a killer bee's poison

Skill      XL: |  1  2  3  4  5  6  7  8  9 |
---------------+----------------------------+-----
Maces & Flails | 3 4 6 8 10 12 | 12.0
Fighting       | 4 5 6 7 8 10 | 10.1
Armour         | |  3.2
Shields        | |  3.2

Action                   |  1- 3 |  4- 6 |  7- 9 || total
-------------------------+-------+-------+-------++-------
Melee: Flail             |   103 |   171 |   264 ||   538
       Kick              |       |       |    98 ||    98
       Peck              |       |       |    51 ||    51
       Whip              |       |       |    26 ||    26
       Battleaxe         |       |       |   159 ||   159
  Use: Potion            |       |     3 |     8 ||    11
       Scroll            |       |       |     8 ||     8
  Eat: Chunk             |     2 |    10 |    16 ||    28
       Bread ration      |       |       |     1 ||     1
Armor: Scale mail        |    42 |    71 |   153 ||   266
       Chain mail        |       |       |    96 ||    96
       Plate armour      |       |       |    85 ||    85
Dodge: Dodged            |    25 |    59 |   165 ||   249
Block: Shield            |    48 |    90 |   172 ||   310
